 Dungeon Crawl Stone Soup version 0.30.1-11-g7821555f0a (webtiles) character file.

Game seed: 10247996666753685496

12722 Gumption the Severer (level 11, -6/104 HPs)
             Began as a Minotaur Berserker on Nov 2, 2023.
             Was a High Priest of Trog.
             Engulfed by an ice statue's freezing vapour (13 damage)
             ... in an ice cave on Nov 3, 2023.
             The game lasted 01:13:47 (13383 turns).

Gumption the Severer (Minotaur Berserker)          Turns: 13383, Time: 01:13:47

Health: -6/104     AC: 22    Str: 31    XL:     11   Next: 66%
Magic:  10/10      EV:  9    Int: 12    God:    Trog [*****.]
Gold:   68         SH:  0    Dex: 16    Spells: 10/10 levels left

rFire   . . .        a - +0 war axe (flame)
rCold   . . .        (no shield)
rNeg    . . .        K - +0 plate armour
rPois   .            C - +0 hat of Watchfulness {Int+6}
rElec   .            (no cloak)
rCorr   .            y - +1 pair of gloves
SInv    .            o - +2 pair of boots {rampage}
Will    .....        g - amulet of regeneration Stlth
                     w - ring of Zujorphuo {Str+7 Dex+6}
HPRegen 1.17/turn    (no ring)
MPRegen 0.12/turn

%: rampage
@: studying 2 skills
A: horns 2, retaliatory headbutt
a: Renounce Religion, Berserk, Trog's Hand, Brothers in Arms


You were in an ice cave.
You worshipped Trog.
Trog was extremely pleased with you.
You visited 3 branches of the dungeon, and saw 12 of its levels.
You also visited: Sewer and Ice Cave.

You collected 627 gold pieces.
You spent 559 gold pieces at shops.

Inventory:

Hand Weapons
 a - a +0 war axe of flaming (weapon)
 b - a +0 heavy war axe
Missiles
 d - 99 stones
 j - 3 boomerangs
 v - 2 throwing nets
 A - 6 silver javelins (quivered)
Armour
 o - a +2 pair of boots of rampaging (worn)
 y - a +1 pair of gloves (worn)
 C - the +0 hat of Watchfulness (worn) {Int+6}
   (You acquired it on level 9 of the Dungeon)

   Int:       It affects your intelligence (+6).
 K - a +0 plate armour (worn)
Jewellery
 g - an amulet of regeneration (around neck)
 w - the ring of Zujorphuo (left hand) {Str+7 Dex+6}
   (You found it on level 3 of the Dungeon)

   [ring of dexterity]

   Str:       It affects your strength (+7).
   Dex:       It affects your dexterity (+6).
 z - an amulet of guardian spirit
 E - an amulet of magic regeneration
 I - a ring of ice
Wands
 J - a wand of mindburst (5)
Scrolls
 e - a scroll of enchant weapon
 h - a scroll of silence
 i - 6 scrolls of teleportation
 k - 2 scrolls of magic mapping
 l - a scroll of blinking
 m - a scroll of fog
 r - 2 scrolls of identify
 s - 2 scrolls of enchant armour
 x - a scroll of poison
 B - a scroll of fear
 H - a scroll of immolation
Potions
 c - 3 potions of haste
 f - 3 potions of flight
 n - 3 potions of curing
 p - 4 potions of heal wounds
 q - a potion of magic
 t - a potion of mutation
 u - a potion of invisibility
 D - a potion of berserk rage
 F - a potion of might
 M - a potion of lignification {unknown}
Miscellaneous
 L - a phial of floods


   Skills:
 + Level 11.8 Fighting
 - Level 16.0 Axes
 + Level 12.9 Armour
 - Level 2.1 Dodging


You had 10 spell levels left.
You didn't know any spells.
Your spell library was empty.

Dungeon Overview and Level Annotations

Branches:
Dungeon (10/15)            Temple (1/1) D:4            Lair (1/5) D:8
    Orc (0/2) D:10          Sewer (visited)           IceCv (1/1)

Altars:
Ashenzari
Cheibriados
Dithmenos
Elyvilon
Fedhas
Gozag
Hepliaklqana
Kikubaaqudgha
Makhleb
Nemelex Xobeh
Okawaru
Qazlal
Ru
Sif Muna
Trog
Uskayaw
Vehumet
Wu Jian
Xom
Yredelemnul
Zin
The Shining One

Shops:
D:2 *?(*   D:3 *   D:4 (

Annotations:
IceCv exclusion: 2 ice statues


Innate Abilities, Weirdness & Mutations

You have a pair of horns on your head.
You reflexively headbutt those who attack you in melee.


Message History

[Y]es or [N]o only, please.
Really walk into that cloud of freezing vapour?
Okay, then.
You start resting.
You are engulfed in freezing vapours.
You are engulfed in freezing vapours.
You are engulfed in freezing vapours.
You start resting.
HP restored.
Really walk into a travel-excluded area?
The ice statue gestures at you. The bolt of cold hits you!!
The ice statue glitters chillingly in the dim dungeon light.
You hit the ice statue but do no damage.
The ice statue gestures at you. The shard of ice hits you.
You hit the ice statue but do no damage.
You headbutt the ice statue.
The ice statue is lightly damaged.
The ice statue gestures at you. The freezing blast engulfs you!!
You slice the ice statue!!
You melt the ice statue!
You headbutt the ice statue, but do no damage.
The ice statue is heavily damaged.
You are engulfed in freezing vapours.
You slice the ice statue!!
You melt the ice statue.
You headbutt the ice statue, but do no damage.
The ice statue is severely damaged.
You are engulfed in freezing vapours.
* * * LOW HITPOINT WARNING * * *
The ice statue gestures.
You slash the ice statue!
You melt the ice statue.
The ice statue is almost destroyed.
You closely miss the ice beast.
You are engulfed in freezing vapours.
* * * LOW HITPOINT WARNING * * *
The ice statue gestures at you. The shard of ice hits you.
* * * LOW HITPOINT WARNING * * *
You are engulfed in freezing vapours.
You die...

##### ##...##### .#
##........## ###.
#..........## ...
##..........#. ...
#°............
##.## #☼°Y.........
##≈≈≈ #○☼°○......#
#≈≈≈## #8#@...#8###
##... ####..#####
###....
##...##§####....##
##..#.....#.....##§
#..##...#.....#..☼○
#...######☼...###..
##...## #§.....##.
##...# ##........
##...# ##...###.


You could see an ice beast (summoned).

Vanquished Creatures
  A reaper (IceCv)
  Erica (D:8)
  A gargoyle (D:10)
  A cane toad (Lair:1)
  4 ice devils
  A komodo dragon (Lair:1)
  A troll (D:10)
  Prince Ribbit (D:8)
  A wyvern (D:10)
  17 yaks
  A steam dragon (D:8)
  Grum (D:8)
  A death yak simulacrum (IceCv)
  A harpy simulacrum (IceCv)
  Menkaure (D:6)
  A hydra simulacrum (IceCv)
  3 water moccasins
  Duvessa (D:6)
  2 orc warriors
  4 black bears
  2 ice beasts
  2 sky beasts (D:7)
  3 ogres
  2 wolves (D:8)
  7 centaurs
  3 phantoms
  3 kobold brigands
  2 scorpions
  6 bullfrogs
  A gnoll sergeant (D:10)
  4 two-headed ogre simulacra (IceCv)
  7 wights
  2 cane toad simulacra (IceCv)
  Dowan (D:6)
  7 killer bees
  An elephant simulacrum (IceCv)
  4 howler monkeys
  11 hounds
  2 gnoll boudas
  An orc priest (D:5)
  2 sleepcaps
  4 iguanas
  4 orc wizards
  2 troll simulacra (IceCv)
  3 spriggan simulacra (IceCv)
  2 wolf simulacra (IceCv)
  17 gnolls
  14 adders
  A river rat (Sewer)
  2 shadow imps
  A white imp (D:4)
  3 ufetubi (IceCv)
  4 worms
  3 dart slugs
  34 orcs
  6 ball pythons
  2 endoplasms
  3 giant cockroaches
  8 goblins
  8 hobgoblins
  3 jackals (D:5)
  11 quokkas
  3 training dummies (D:4)
  12 bats
  A frilled lizard (D:3)
  17 kobolds
  12 rats
298 creatures vanquished.

Notes
Turn   | Place    | Note
-------+----------+-------------------------------------------
     0 | D:1      | Gumption the Minotaur Berserker began the quest for the
                  | Orb.
     0 | D:1      | Reached XP level 1. HP: 19/19 MP: 0/0
   252 | D:1      | Reached skill level 4 in Axes
   316 | D:1      | Reached XP level 2. HP: 27/27 MP: 1/1
   879 | D:2      | Found Nyprura's Magic Scroll Shoppe.
   883 | D:2      | Bought a scroll of teleportation for 33 gold pieces
   883 | D:2      | Bought a scroll of identify for 22 gold pieces
   994 | D:2      | Reached XP level 3. HP: 33/33 MP: 2/2
  1154 | D:2      | Reached ** piety under Trog
  1155 | D:2      | Reached skill level 5 in Axes
  1155 | D:2      | Reached XP level 4. HP: 41/41 MP: 3/3
  1179 | D:2      | Found Wis Niseelo's General Store.
  1278 | D:2      | Found a faded altar of an unknown god.
  1327 | D:2      | Found Buwnob's Assorted Antiques.
  1450 | D:2      | Found Qitwent's Weapon Boutique.
  1514 | D:2      | Bought a scroll of identify for 22 gold pieces
  1514 | D:2      | Bought a scroll of identify for 22 gold pieces
  1514 | D:2      | Bought a scroll of blinking for 82 gold pieces
  1664 | D:3      | Found a white marble altar of Elyvilon.
  1689 | D:3      | Reached XP level 5. HP: 44/47 MP: 4/4
  1829 | D:3      | Reached skill level 6 in Axes
  1941 | D:3      | Reached skill level 5 in Fighting
  2226 | D:3      | Reached *** piety under Trog
  2239 | D:3      | You fall into a shaft and drop 1 floor!
  2239 | D:4      | Found Rogeg's Firing Range.
  2326 | D:4      | Found a bloodstained altar of Trog.
  2330 | D:4      | Noticed an ogre
  2340 | D:4      | Killed an ogre
  2341 | D:4      | Reached XP level 6. HP: 46/56 MP: 5/5
  2519 | D:4      | Noticed an ice beast
  2550 | D:4      | Killed an ice beast
  2551 | D:4      | Reached skill level 7 in Axes
  2632 | D:4      | Found a staircase to the Ecumenical Temple.
  2678 | D:4      | Reached skill level 5 in Armour
  2692 | D:4      | Reached XP level 7. HP: 62/62 MP: 6/6
  2749 | D:4      | Found a glowing drain.
  2757 | Sewer    | Entered a sewer
  3076 | Sewer    | Reached **** piety under Trog
  3661 | D:3      | Identified the ring of Zujorphuo {Str+7 Dex+6}
  3692 | D:3      | Found Gozag's Platinum Reserve.
  3695 | D:3      | Found an opulent altar of Gozag.
  4161 | D:4      | Reached skill level 8 in Axes
  4485 | D:5      | Entered Level 5 of the Dungeon
  4485 | D:5      | Noticed a yak
  4510 | Temple   | Entered the Ecumenical Temple
  4760 | D:5      | Reached XP level 8. HP: 69/71 MP: 7/7
  4883 | D:5      | Reached skill level 9 in Axes
  5249 | D:5      | Reached skill level 10 in Axes
  5827 | D:2      | Bought a scroll of magic mapping for 82 gold pieces
  5827 | D:2      | Bought a scroll of fog for 44 gold pieces
  5930 | D:6      | Noticed Menkaure
  6444 | D:6      | Reached XP level 9. HP: 81/81 MP: 8/8
  6527 | D:6      | Noticed Dowan
  6528 | D:6      | Noticed Duvessa
  6544 | D:6      | Killed Dowan
  6553 | D:6      | Killed Duvessa
  6554 | D:6      | Reached skill level 11 in Axes
  6667 | D:6      | Killed Menkaure
  7433 | D:2      | Bought a scroll labelled PIAXZIAMON for 24 gold pieces
  7433 | D:2      | Bought a scroll of identify for 48 gold pieces
  8241 | D:7      | Reached ***** piety under Trog
  8463 | D:8      | Noticed Grum
  8467 | D:8      | Reached skill level 12 in Axes
  8474 | D:8      | Killed Grum
  8686 | D:8      | Reached XP level 10. HP: 86/91 MP: 9/9
  8729 | D:8      | Noticed Erica
  8733 | D:8      | Killed Erica
  8734 | D:8      | Reached skill level 13 in Axes
  8768 | D:8      | Reached skill level 10 in Fighting
  8788 | D:8      | Found a staircase to the Lair.
  8821 | D:8      | Noticed Prince Ribbit
  8836 | D:8      | Killed Prince Ribbit
  9488 | D:9      | Reached skill level 14 in Axes
  9488 | D:9      | Reached skill level 10 in Armour
  9682 | D:9      | Identified 2 scrolls of acquirement
  9682 | D:9      | Acquired a manual of Armour
  9684 | D:9      | Acquired the +0 hat of Watchfulness {Int+6}
 10621 | D:10     | Entered Level 10 of the Dungeon
 10735 | D:10     | Reached XP level 11. HP: 94/101 MP: 10/10
 10876 | D:10     | Reached skill level 15 in Axes
 10903 | D:10     | Found a staircase to the Orcish Mines.
 11274 | D:10     | Found a blossoming altar of Fedhas.
 11891 | D:2      | Bought a pair of embroidered boots for 180 gold pieces
 12076 | Lair:1   | Entered Level 1 of the Lair of Beasts
 12134 | Lair:1   | Found a frozen archway.
 12158 | IceCv    | Entered an ice cave
 12586 | IceCv    | Noticed a reaper
 12595 | IceCv    | Killed a reaper
 12596 | IceCv    | Reached skill level 16 in Axes
 13383 | IceCv    | Engulfed by an ice statue's freezing vapour

Illustrated notes

Levels and vault maps discovered:
D:1:      co_arrival_square_in_a_square_in_a_square, layout_loops_cross
D:2:      layout_loops_cross, shapermc_ecumenical_altar_mp_ritualfount,
          serial_shops, shop_coins, nicolae_shop_hallway_stairs,
          nicolae_shop_waterfront, shop_fountains
D:3:      layout_loops_ring, nicolae_gozag_zags_fifth_avenue, elyvilon_altar_5,
          serial_aquarium, aquarium_bridge_long_joined
          [aquarium_subvault_bridge, aquarium_subvault_balcony,
          aquarium_subvault_wall, aquarium_subvault_window,
          aquarium_subvault_bridge, aquarium_subvault_window],
          aquarium_bridge_island_small [aquarium_subvault_small_open,
          aquarium_subvault_balcony, aquarium_subvault_bridge,
          aquarium_subvault_window, aquarium_subvault_wall],
          aquarium_window_fake, aquarium_window_2, aquarium_window_1,
          aquarium_view_2c
D:4:      wad_lake_hut, layout_loops_ring, nicolae_overflow_crystal_walls,
          minmay_temple_entry_purple_smoke, gup_sewer_entry_bubbles,
          st_stairs_14, nicolae_shop_firing_range
D:5:      layout_gridville, minmay_manual_moon
D:6:      layout_cave_pods, uniq_menkaure, uniq_duvessa
D:7:      nicolae_cairo_tiling_large, layout_basic
D:8:      layout_basic, due_lair_maze_entry_diamond, uniq_erica, uniq_grum,
          uniq_prince_ribbit1
D:9:      layout_stronghold
D:10:     layout_stronghold, fedhas_ov_isle_minmay, hiddenorc1_lemuel
Temple:   nicolae_temple_no_exploring_needed
Lair:1:   layout_hall_layers, portal_ice_cave_demonic_guard, st_stairs_12,
          grunt_megastairs_5, uniq_amaemon
IceCv:    ice_cave_small_demon

Skill      XL: |  1  2  3  4  5  6  7  8  9 10 11 |
---------------+----------------------------------+-----
Axes           | 4 5 6 7 8 10 12 14 16 | 16.0
Fighting       | 4 5 6 7 9 10 11 | 11.8
Armour         | 3 4 5 6 7 9 10 12 | 12.9
Dodging        | |  2.1

Action                     |  1- 3 |  4- 6 |  7- 9 | 10-12 || total
---------------------------+-------+-------+-------+-------++-------
  Melee: Hand axe          |    87 |   144 |   174 |       ||   405
         Headbutt          |    15 |    22 |    44 |    75 ||   156
         War axe           |       |       |   118 |   283 ||   401
         Punch             |       |       |     2 |     2 ||     4
  Throw: Javelin           |       |       |     1 |       ||     1
 Invoke: Trog's Hand       |       |       |     1 |     4 ||     5
         Berserk           |       |       |       |     2 ||     2
    Use: Scroll            |     2 |     2 |    12 |     7 ||    23
 Armour: Animal skin       |     8 |       |       |       ||     8
         Ring mail         |    28 |    50 |    56 |       ||   134
         Chain mail        |       |       |    19 |    97 ||   116
         Plate armour      |       |       |       |     1 ||     1
  Dodge: Dodged            |    60 |    77 |   150 |   114 ||   401
